[Event "Titled Tuesday Blitz March 28 Early 2023"]
[White "Salman, Pavel"]
[Black "Jessel, Stephen"]
[WhiteFideId "24153753"]
[BlackFideId "628859"]
[WhiteElo "2187"]
[BlackElo "2268"]
[Result "0-1"]
[Round "06"]
[TimeControl "180+2"]
[Date "2023.03.28"]
[WhiteClock "0:00:13"]
[BlackClock "0:00:09"]

1. d4 a6 2. Nc3 e6 3. e4 d5 4. Bd3 Nf6 5. Bg5 h6 6. Bxf6 Qxf6 7. exd5 Bb4 8. dxe6 Bxe6 9. Ne2 Nc6 10. O-O O-O-O 11. a3 Ba5 12. Ne4 Qh4 13. c3 Bb6 14. b4 Rhe8 15. b5 axb5 16. Qb1 Bc4 17. N2g3 g6 18. a4 Bxd3 19. Qxd3 b4 20. a5 Nxa5 21. cxb4 Rxd4 22. Qf3 Rxb4 23. Nf6 Rf4 24. Nxe8 Rxf3 25. gxf3 h5 26. Rfe1 Qd4 27. Ra2 h4 28. Ne4 h3 29. N8f6 Qd3 30. Ng5 Kb8 31. Rae2 Qf5 32. Nfe4 c6 33. Rd1 Ka7 34. Ra1 Kb8 35. Rd1 Kc7 36. Rd3 Nc4 37. Rc2 Ne5 38. Rcc3 Nxd3 39. Rxd3 Qa5 40. Nxh3 Qe1+ 41. Kg2 Qb1 42. Re3 f5 43. Re2 fxe4 44. fxe4 Qd3 45. Nf4 Qd6 46. Kf3 Qe5 47. Nxg6 Qh5+ 48. Kg2 Qxg6+ 49. Kf1 Qe6 50. f4 Bd4 51. Kg2 Qc4 52. Kf3 b5 53. Rg2 Qd3+ 54. Kg4 Qxe4 55. h4 Be3 56. Rg3 Qxf4+ 57. Kh3 Bf2 58. Rg7+ Kb6 59. h5 Qf3+ 60. Kh2 Bd4 61. Rg3 Be5 62. h6 Qxg3+ 63. Kh1 Qh2# 0-1


[Site "https://www.chess.com"]

[Event "Titled Tuesday Blitz March 28 Early 2023"]
[White "Tregubov, Pavel V."]
[Black "Pniaczek, Marek"]
[WhiteFideId "4115341"]
[BlackFideId "21800421"]
[WhiteElo "2425"]
[BlackElo "2138"]
[Result "1-0"]
[Round "06"]
[TimeControl "180+2"]
[Date "2023.03.28"]
[WhiteClock "0:01:26"]
[BlackClock "0:01:19"]

1. e4 e5 2. Nf3 Nc6 3. Bb5 a6 4. Ba4 Nf6 5. d4 exd4 6. O-O b5 7. Bb3 Be7 8. e5 Ne4 9. Bd5 Nc5 10. Nxd4 Bb7 11. Nf5 O-O 12. Qg4 g6 13. Re1 Ne6 14. Bh6 Re8 15. Nc3 Kh8 16. Nxe7 Qxe7 17. Bf3 Qb4 18. Qxb4 Nxb4 19. Bxb7 Rab8 20. Be4 Nc5 21. Rad1 1-0


[Site "https://www.chess.com"]

[Event "Titled Tuesday Blitz March 28 Early 2023"]
[White "Cuenca Jimenez, Jose Fernando"]
[Black "Shivakumar, Shawnak"]
[WhiteFideId "2255570"]
[BlackFideId "30940192"]
[WhiteElo "2429"]
[BlackElo "2089"]
[Result "0-1"]
[Round "06"]
[TimeControl "180+2"]
[Date "2023.03.28"]
[WhiteClock "0:00:01"]
[BlackClock "0:01:02"]

1. c4 e5 2. Nc3 Nf6 3. Nf3 e4 4. Ng5 c6 5. Ngxe4 Nxe4 6. Nxe4 d5 7. cxd5 cxd5 8. Nc3 d4 9. Ne4 Nc6 10. e3 Qd5 11. Ng3 h5 12. e4 Qa5 13. h4 Bd6 14. Be2 Bxg3 15. fxg3 Qe5 16. O-O Qxg3 17. d3 Qxh4 18. Bf4 Bg4 19. Rc1 Bxe2 20. Qxe2 Qg4 21. Qf2 h4 22. Rc5 f6 23. Kh1 h3 24. g3 Rd8 25. Kh2 Qd7 26. a3 b6 27. Rf5 Ne7 28. g4 Nxf5 29. gxf5 Rc8 30. Qf3 Rc2+ 31. Kh1 h2 32. Qg4 Kf8 33. Re1 Qb5 34. Qg3 Qxb2 35. Bd6+ Kg8 36. Qg6 Rc8 37. Bf4 Qc3 38. Qg3 Rh3 39. Qf2 Rf3 40. Qe2 Rxf4 0-1


[Site "https://www.chess.com"]

[Event "Titled Tuesday Blitz March 28 Early 2023"]
[White "Vlassov, Nikolai"]
[Black "Bas Mas, Jose Joaquin"]
[WhiteFideId "4103360"]
[BlackFideId "22219064"]
[WhiteElo "2324"]
[BlackElo "2233"]
[Result "1/2-1/2"]
[Round "06"]
[TimeControl "180+2"]
[Date "2023.03.28"]
[WhiteClock "0:00:06"]
[BlackClock "0:00:14"]

1. e4 e6 2. d4 d5 3. exd5 exd5 4. Nf3 Bd6 5. c4 dxc4 6. Bxc4 Nf6 7. O-O O-O 8. Nc3 Bg4 9. h3 Bh5 10. g4 Bg6 11. Ne5 c5 12. Nb5 Nc6 13. f4 Be4 14. g5 Bxe5 15. dxe5 Qxd1 16. Rxd1 Nh5 17. Nd6 Bf3 18. Rf1 Nd4 19. Be3 Be2 20. Rf2 Bxc4 21. Nxc4 Nf5 22. Bxc5 Rfc8 23. Nd6 Nxd6 24. Bxd6 Rc4 25. f5 Rac8 26. Re1 Nf4 27. Re3 g6 28. e6 Nd5 29. Re5 fxe6 30. fxe6 Nf4 31. Kh2 Nd3 32. Rf7 Nxe5 33. Bxe5 Re4 34. Rg7+ Kf8 35. Bf6 Rxe6 36. Rxh7 Rc2+ 37. Kg3 Re4 38. Rxb7 Rd2 39. Rxa7 Rd3+ 40. Kf2 Rf4+ 41. Ke2 Rxh3 42. a4 Rg4 43. Kf2 Rc4 44. Bc3 Rh5 45. a5 Rxg5 46. a6 Rf5+ 47. Ke3 Rc8 48. Rb7 Rf7 49. Be5 Ra8 50. Rb6 Rfa7 51. Rxg6 Rxa6 52. Rxa6 Rxa6 53. Bc3 Ke7 54. Kd4 Kd6 55. Kc4 Kc6 56. Kb4 Ra8 57. Kc4 Rb8 58. b4 Rb5 59. Bd4 Rh5 60. Bc5 Rh4+ 61. Bd4 Kd6 62. b5 Rh5 63. b6 Kc6 64. Kb4 Rd5 65. Kc4 Rh5 66. Be3 Rh4+ 67. Bd4 Rg4 68. Kc3 Kd5 69. b7 Rg8 70. Ba7 Kc6 71. b8=Q Rxb8 72. Bxb8 1/2-1/2


[Site "https://www.chess.com"]

[Event "Titled Tuesday Blitz March 28 Early 2023"]
[White "wqws"]
[Black "Devaev, Alexander"]
[BlackFideId "4169395"]
[WhiteElo "2671"]
[BlackElo "2225"]
[Result "1-0"]
[Round "06"]
[TimeControl "180+2"]
[Date "2023.03.28"]
[WhiteClock "0:01:40"]
[BlackClock "0:00:36"]

1. e4 c6 2. d4 d5 3. e5 Bf5 4. Nd2 e6 5. Nb3 a6 6. Nf3 Nd7 7. Be2 Ne7 8. O-O Bg6 9. c3 Nf5 10. Ne1 h5 11. Nd3 Be7 12. Nf4 Bg5 13. Bd3 Bxf4 14. Bxf4 Ne7 15. Bg5 Bxd3 16. Qxd3 Qb6 17. Bxe7 Kxe7 18. f4 g6 19. Kh1 c5 20. dxc5 Nxc5 21. Qe3 Rac8 22. Nd4 Qc7 23. f5 exf5 24. Qg5+ Ke8 25. e6 Nxe6 26. Qf6 Rg8 27. Nxe6 fxe6 28. Rae1 Qf7 29. Rxe6+ Kf8 30. Qe5 Rc6 31. Rxc6 bxc6 32. Re1 h4 33. Qd6+ Kg7 34. Re7 Rf8 1-0


[Site "https://www.chess.com"]

[Event "Titled Tuesday Blitz March 28 Early 2023"]
[White "Aveskulov, Valeriy"]
[Black "Goudriaan, Etienne"]
[WhiteFideId "14109743"]
[BlackFideId "1021150"]
[WhiteElo "2552"]
[BlackElo "2318"]
[Result "1-0"]
[Round "06"]
[TimeControl "180+2"]
[Date "2023.03.28"]
[WhiteClock "0:00:21"]
[BlackClock "0:00:17"]

1. e4 c6 2. Nf3 d5 3. d3 dxe4 4. dxe4 Qxd1+ 5. Kxd1 Bg4 6. Be2 Nd7 7. Nc3 O-O-O 8. Nd2 Bxe2+ 9. Kxe2 g6 10. Nc4 Bg7 11. Bd2 Nb6 12. Na5 Nf6 13. Rhd1 Ng4 14. f3 Ne5 15. b3 h6 16. Be1 g5 17. Rxd8+ Rxd8 18. Rd1 Rxd1 19. Nxd1 Ng6 20. g3 e6 21. Ne3 Nd7 22. Bb4 Bd4 23. Nec4 c5 24. Bd2 Kc7 25. Ne3 Nde5 26. a4 b6 27. Nac4 Nxc4 28. Nxc4 Bg1 29. Kf1 Bd4 30. Ke2 f5 31. exf5 exf5 32. g4 fxg4 33. fxg4 Be5 34. h3 Kc6 35. Kf3 Kd5 36. Ne3+ Ke6 37. Nf5 Bf4 38. Bc3 Be5 39. Bd2 Bf4 40. Be1 Ne5+ 41. Ke4 Nf7 42. h4 Be5 43. h5 Nd6+ 44. Nxd6 Bxd6 45. Bc3 Bf8 46. Be5 a6 47. c4 Kd7 48. Kd5 Be7 49. Bg7 Bd8 50. Bxh6 Bf6 51. Bf8 Bh8 52. h6 Ke8 53. Bg7 Bxg7 54. hxg7 Kf7 55. Kc6 Kxg7 56. Kxb6 Kf6 57. Kxa6 Ke5 58. a5 Kf4 59. Kb5 Kxg4 60. a6 Kf3 61. a7 g4 62. a8=Q+ Kf2 63. Qf8+ Kg2 64. Qg7 g3 65. Kxc5 Kf2 66. b4 g2 67. b5 g1=Q 68. Qxg1+ Kxg1 69. b6 1-0


[Site "https://www.chess.com"]

[Event "Titled Tuesday Blitz March 28 Early 2023"]
[White "Perez Rodriguez, Jennifer"]
[Black "De Silva, L M S T"]
[WhiteFideId "3507831"]
[BlackFideId "9953698"]
[WhiteElo "2170"]
[BlackElo "2403"]
[Result "1-0"]
[Round "06"]
[TimeControl "180+2"]
[Date "2023.03.28"]
[WhiteClock "0:00:08"]
[BlackClock "0:00:56"]

1. e4 g6 2. d4 Bg7 3. Nc3 d6 4. Be3 a6 5. a4 b6 6. Qd2 Bb7 7. f3 h6 8. h4 e6 9. h5 g5 10. Bd3 Ne7 11. Nge2 Nd7 12. f4 g4 13. Ng3 c5 14. Qf2 Nc6 15. d5 Nd4 16. dxe6 fxe6 17. e5 O-O 18. exd6 b5 19. axb5 axb5 20. O-O Rxa1 21. Rxa1 b4 22. Nce4 Ne5 23. Nxc5 Ndf3+ 24. gxf3 Nxf3+ 25. Kf1 Bd5 26. d7 Qh4 27. Rd1 Bxb2 28. Ke2 Ng5 29. Nge4 Qh3 30. Nxg5 hxg5 31. Be4 gxf4 32. Bxd5 exd5 33. Rxd5 f3+ 34. Kd2 g3 35. Qxf3 Bc3+ 36. Kd3 Rxf3 37. d8=Q+ Rf8 38. Rg5+ Bg7 39. Rxg7+ Kh8 40. Qxf8# 1-0


[Site "https://www.chess.com"]

[Event "Titled Tuesday Blitz March 28 Early 2023"]
[White "Ismagilov, Damir"]
[Black "Bochnicka, Vladimir"]
[WhiteFideId "34199982"]
[BlackFideId "14943450"]
[WhiteElo "2078"]
[BlackElo "2094"]
[Result "1-0"]
[Round "06"]
[TimeControl "180+2"]
[Date "2023.03.28"]
[WhiteClock "0:01:20"]
[BlackClock "0:01:09"]

1. d4 Nf6 2. Bf4 d5 3. e3 Bf5 4. c4 e6 5. Nc3 Bd6 6. Bg3 O-O 7. Nf3 c6 8. Qb3 b6 9. Rc1 Bxg3 10. hxg3 Nbd7 11. cxd5 exd5 12. Ba6 c5 13. Nxd5 Be4 14. Bb7 Rb8 15. Nxf6+ Nxf6 16. Bxe4 Nxe4 17. O-O cxd4 18. Rfd1 Qf6 19. Rxd4 Rfe8 20. Rc7 Rbc8 21. Rxe4 1-0


[Site "https://www.chess.com"]

[Event "Titled Tuesday Blitz March 28 Early 2023"]
[White "Sliwicki, Damian"]
[Black "Aaditya Dhingra"]
[WhiteFideId "1127128"]
[BlackFideId "25678191"]
[WhiteElo "2030"]
[BlackElo "2083"]
[Result "0-1"]
[Round "06"]
[TimeControl "180+2"]
[Date "2023.03.28"]
[WhiteClock "0:00:01"]
[BlackClock "0:01:05"]

1. e4 c5 2. Nf3 Nc6 3. d4 cxd4 4. Nxd4 Nf6 5. Nc3 d6 6. Nb3 g6 7. Bg5 Bg7 8. Qd2 O-O 9. O-O-O Be6 10. h4 h5 11. f3 Ne5 12. f4 Nc4 13. Bxc4 Bxc4 14. e5 Ng4 15. exd6 f6 16. Qe1 exd6 17. Nd2 Re8 18. Nde4 fxg5 19. hxg5 d5 20. Qg3 dxe4 21. Rxd8 Raxd8 22. Kb1 e3 23. Re1 e2 24. Qf3 Bxc3 25. Qxc3 Rd1+ 26. Rxd1 exd1=Q# 0-1


[Site "https://www.chess.com"]

[Event "Titled Tuesday Blitz March 28 Early 2023"]
[White "Vaglio Munoz, Jaime"]
[Black "Delorme, Alban"]
[WhiteFideId "6500145"]
[BlackFideId "623636"]
[WhiteElo "2199"]
[BlackElo "2196"]
[Result "0-1"]
[Round "06"]
[TimeControl "180+2"]
[Date "2023.03.28"]
[WhiteClock "0:00:01"]
[BlackClock "0:00:22"]

1. Nf3 Nf6 2. c4 g6 3. b3 Bg7 4. Bb2 O-O 5. g3 d6 6. d4 c5 7. dxc5 dxc5 8. Qxd8 Rxd8 9. Bg2 Nc6 10. O-O Bf5 11. Nbd2 Ne4 12. Nxe4 Bxe4 13. Bxg7 Kxg7 14. Rfd1 e6 15. h4 b6 16. Kf1 Rac8 17. e3 Nb4 18. Nd2 Bxg2+ 19. Kxg2 Rc7 20. Ne4 Rxd1 21. Rxd1 Nxa2 22. Kf3 Nb4 23. g4 Nc6 24. Nd6 Kf8 25. Nb5 Rc8 26. Rd7 Ne5+ 27. Kg3 Nxd7 28. Nxa7 Ra8 29. Nb5 Ke7 30. Kf4 Ra2 31. f3 Rb2 32. h5 Rxb3 33. h6 Rb4 34. Na3 Ra4 35. Nb1 Rxc4+ 36. e4 e5+ 37. Kg5 f5 38. exf5 gxf5 39. Nd2 Rd4 40. Nb3 fxg4 41. fxg4 Nf6 42. Kf5 Rxg4 43. Kxe5 Rg5+ 44. Kf4 Rh5 45. Nd2 Rxh6 46. Nf3 Nd7 47. Ke4 Re6+ 48. Kd5 Nf6+ 49. Kc4 Re4+ 50. Kb5 c4 51. Kb4 c3+ 52. Kb3 Re3 53. Nd4 Kf7 54. Nf5 Rf3 55. Nd4 Rd3 56. Nf5 h5 0-1


[Site "https://www.chess.com"]

[Event "Titled Tuesday Blitz March 28 Early 2023"]
[White "Sousa, Andre Ventura"]
[Black "Kozak, Antoni"]
[WhiteFideId "1917617"]
[BlackFideId "21832030"]
[WhiteElo "2348"]
[BlackElo "2470"]
[Result "0-1"]
[Round "06"]
[TimeControl "180+2"]
[Date "2023.03.28"]
[WhiteClock "0:00:06"]
[BlackClock "0:00:10"]

1. d4 Nf6 2. Nf3 e6 3. Bf4 b5 4. e3 a6 5. a4 b4 6. c4 Bb7 7. Be2 c5 8. O-O Be7 9. dxc5 Bxc5 10. Nbd2 O-O 11. Nb3 Be7 12. Bd6 Nc6 13. a5 Ne4 14. Bxe7 Qxe7 15. Qd3 f5 16. Rfd1 Rad8 17. Nfd2 Nf6 18. Nf3 Kh8 19. Qd2 Ne4 20. Qe1 g5 21. Nfd2 Nf6 22. Nd4 Ne5 23. N2f3 Nf7 24. c5 g4 25. Nd2 Rg8 26. Rac1 Ng5 27. c6 Ba8 28. Kh1 Qg7 29. f4 gxf3 30. gxf3 dxc6 31. Nxc6 Nge4 32. Qg1 Qxg1+ 33. Rxg1 Nf2# 0-1


[Site "https://www.chess.com"]

[Event "Titled Tuesday Blitz March 28 Early 2023"]
[White "Perez Gormaz, Matias"]
[Black "Bruedigam, Martin"]
[WhiteFideId "3406342"]
[BlackFideId "24608033"]
[WhiteElo "2362"]
[BlackElo "2331"]
[Result "1-0"]
[Round "06"]
[TimeControl "180+2"]
[Date "2023.03.28"]
[WhiteClock "0:00:22"]
[BlackClock "0:00:03"]

1. e4 c6 2. Nf3 d5 3. Nc3 dxe4 4. Nxe4 Nf6 5. Qe2 Nxe4 6. Qxe4 Qd5 7. Qh4 Qe6+ 8. Be2 Qg4 9. Qg3 Qxg3 10. hxg3 g6 11. Bc4 Nd7 12. Ng5 Ne5 13. Bb3 a5 14. a4 c5 15. f4 c4 16. Ba2 Nc6 17. Bxc4 e6 18. c3 h6 19. d4 Be7 20. Nf3 Kf8 21. Be3 Kg7 22. g4 Bd7 23. Kf2 Rac8 24. Be2 Bd6 25. g3 Ne7 26. Bd2 Bc6 27. Rhe1 Bd5 28. Ne5 b6 29. c4 Ba8 30. Bc3 f6 31. Nd7 Bc7 32. d5 Kf7 33. dxe6+ Kxe6 34. Rad1 Kf7 35. Nxf6 Rhd8 36. Nd7 Bc6 37. Ne5+ Bxe5 38. Bxe5 Bxa4 39. Rxd8 Rxd8 40. Ke3 Nc6 41. Bc3 Nb4 42. Rh1 Nc2+ 43. Kf2 h5 44. gxh5 Bc6 45. hxg6+ Kxg6 46. Rh5 Nd4 47. Rg5+ Kf7 48. Bh5+ Kf8 49. Bg4 Be4 50. Rh5 Nc2 51. Rh8+ Ke7 52. Bf6+ Kxf6 53. Rxd8 a4 54. Rd6+ Ke7 55. Rxb6 Bd3 56. c5 1-0


[Site "https://www.chess.com"]

[Event "Titled Tuesday Blitz March 28 Early 2023"]
[White "Malek, Jan"]
[Black "Shapiro, Viktor"]
[WhiteFideId "21864080"]
[BlackFideId "4175700"]
[WhiteElo "2255"]
[BlackElo "2152"]
[Result "0-1"]
[Round "06"]
[TimeControl "180+2"]
[Date "2023.03.28"]
[WhiteClock "0:00:04"]
[BlackClock "0:00:08"]

1. c4 c5 2. Nf3 Nc6 3. b3 Nf6 4. Bb2 e6 5. g3 Be7 6. Bg2 O-O 7. O-O a6 8. d4 d6 9. Nc3 cxd4 10. Nxd4 Bd7 11. e4 Rc8 12. Rc1 Qa5 13. a4 Rfd8 14. Nc2 Ne5 15. Qe2 Qb6 16. Nd4 Bf8 17. Rfd1 h5 18. h3 h4 19. g4 Ng6 20. Qe3 e5 21. Nf5 Qxb3 22. Ba1 Be6 23. Bf1 Bxc4 24. Rb1 Qa3 25. Rxb7 Bxf1 26. Kxf1 Nf4 27. Nxh4 Rc4 28. Nf5 Rdc8 29. Bb2 Qc5 30. Qxc5 R8xc5 31. Ne3 Rxc3 32. Bxc3 Rxc3 33. Rb4 Nxh3 34. Rb8 Nxe4 35. Nd5 Rc2 36. Ne7+ Kh7 37. Rxf8 Rxf2+ 38. Ke1 Nc3 39. Rd2 Rf3 40. Rh2 g6 41. Nd5 Nxd5 42. Rxh3+ Rxh3 43. Rxf7+ Kh6 44. Rd7 Nf4 45. Rxd6 Re3+ 46. Kf2 Re2+ 47. Kf3 Kg5 48. Rxa6 e4+ 49. Kg3 Rg2# 0-1


[Site "https://www.chess.com"]

[Event "Titled Tuesday Blitz March 28 Early 2023"]
[White "Kukula, Pawel"]
[Black "Rozman, Levy"]
[WhiteFideId "1115081"]
[BlackFideId "2039877"]
[WhiteElo "2012"]
[BlackElo "2376"]
[Result "0-1"]
[Round "06"]
[TimeControl "180+2"]
[Date "2023.03.28"]
[WhiteClock "0:00:01"]
[BlackClock "0:00:26"]

1. c4 e6 2. Nc3 d5 3. e3 Nf6 4. Nf3 a6 5. b3 b6 6. Bb2 Bb7 7. cxd5 exd5 8. d4 Bd6 9. Bd3 O-O 10. O-O Nbd7 11. Ne2 Ne4 12. Ng3 Re8 13. Rc1 g6 14. Rc2 h5 15. Ne5 Nxe5 16. dxe5 Bxe5 17. Bxe5 Rxe5 18. Bxe4 dxe4 19. Qxd8+ Rxd8 20. Rxc7 Ba8 21. h4 Kg7 22. Rfc1 Rd2 23. Ra7 Bd5 24. Rxa6 Re6 25. Nf1 Rb2 26. Rd1 Bb7 27. Ra7 Bc6 28. Rd2 Rb1 29. a4 Rxb3 30. Ng3 Rb1+ 31. Kh2 Ra1 32. Rd4 Ra2 33. Ra6 Rb2 34. Kg1 Rf6 35. Nxe4 Bxe4 36. Rxe4 Rfxf2 37. Rxb6 Rxg2+ 38. Kh1 Rh2+ 39. Kg1 Rbg2+ 40. Kf1 Ra2 41. Reb4 Rh1# 0-1


[Site "https://www.chess.com"]

[Event "Titled Tuesday Blitz March 28 Early 2023"]
[White "Baches Garcia, Guillermo"]
[Black "Poormosavi, Seyed Kian"]
[WhiteFideId "2209764"]
[BlackFideId "12585807"]
[WhiteElo "2462"]
[BlackElo "2334"]
[Result "0-1"]
[Round "06"]
[TimeControl "180+2"]
[Date "2023.03.28"]
[WhiteClock "0:01:44"]
[BlackClock "0:02:52"]

1. e4 c6 2. d4 d5 3. e5 c5 4. dxc5 e6 5. a3 Bxc5 6. Qg4 Ne7 7. Qxg7 Rg8 8. Qxh7 Nbc6 9. Bd3 Qb6 10. Qh4 Nxe5 11. b4 Bd4 12. Ra2 Rxg2 13. Nh3 Nf3+ 0-1


[Site "https://www.chess.com"]

[Event "Titled Tuesday Blitz March 28 Early 2023"]
[White "Savitha Shri B"]
[Black "Belozerov, Andrei"]
[WhiteFideId "35061887"]
[BlackFideId "4120213"]
[WhiteElo "2191"]
[BlackElo "2360"]
[Result "1-0"]
[Round "06"]
[TimeControl "180+2"]
[Date "2023.03.28"]
[WhiteClock "0:00:20"]
[BlackClock "0:00:11"]

1. e4 c6 2. Nf3 d5 3. e5 Bg4 4. d4 e6 5. c3 Ne7 6. h3 Bh5 7. Bd3 Nd7 8. Na3 a6 9. Nc2 c5 10. O-O Nc6 11. a3 Be7 12. b4 cxd4 13. cxd4 Nb6 14. Bd2 Rc8 15. a4 Nc4 16. Bxc4 dxc4 17. Bc3 O-O 18. b5 Na5 19. Ne3 axb5 20. axb5 Nb3 21. Ra4 Bxf3 22. Qxf3 Nxd4 23. Bxd4 Qxd4 24. Qxb7 Bg5 25. Rd1 Qxe5 26. Rxc4 Rxc4 27. Nxc4 Qe2 28. Rd4 Bf6 29. Re4 Qd1+ 30. Kh2 Qd5 31. Qc6 Qxc6 32. bxc6 Rc8 33. Na5 Bd8 34. Nb7 Be7 35. Rc4 f5 36. g3 Kf7 37. Na5 e5 38. Kg2 Ke6 39. Kf3 Kd5 40. Rc1 Bd8 41. Nb7 Be7 42. c7 Bd6 43. Rd1+ Kc6 44. Nxd6 Rxc7 45. Nxf5 Rf7 46. Ke4 g6 47. Ne3 Rxf2 48. Kxe5 Rf3 49. Rc1+ Kd7 50. Nd5 Rxg3 51. Rc7+ Kd8 52. Rxh7 g5 53. Kd6 Ke8 54. Nf6+ Kf8 55. Ke6 Re3+ 56. Kf5 Rg3 57. Kg6 g4 58. Rf7# 1-0


[Site "https://www.chess.com"]

[Event "Titled Tuesday Blitz March 28 Early 2023"]
[White "Al-Tarboush, Ward"]
[Black "Vafin, Ayrat"]
[WhiteFideId "7601450"]
[BlackFideId "4146530"]
[WhiteElo "2257"]
[BlackElo "2317"]
[Result "1-0"]
[Round "06"]
[TimeControl "180+2"]
[Date "2023.03.28"]
[WhiteClock "0:01:54"]
[BlackClock "0:00:13"]

1. e4 e5 2. Nf3 Nf6 3. Nxe5 d6 4. Nf3 Nxe4 5. d4 d5 6. Bd3 Nc6 7. O-O Be7 8. Re1 Bf5 9. Nc3 Nxc3 10. bxc3 Bxd3 11. Qxd3 O-O 12. Rb1 Rb8 13. Bf4 Qd7 14. c4 dxc4 15. Qxc4 Bd6 16. Bg3 Bxg3 17. hxg3 b6 18. c3 Rfe8 19. Qa4 Rbd8 20. Qb5 Rxe1+ 21. Rxe1 f6 22. a4 Ne5 23. Qb3+ Nf7 24. a5 Re8 25. Rxe8+ Qxe8 26. a6 Qe2 27. Qa4 Nd6 28. Qd7 Qxa6 29. Qd8+ Kf7 30. Qxc7+ Ke6 31. g4 Qa1+ 32. Kh2 Qc1 33. Qc6 Qf4+ 34. g3 Qxg4 35. d5+ Ke7 36. Qc7+ Qd7 37. Qb8 Ne4 38. Nd4 Qxd5 39. Qxa7+ Qd7 40. Qxb6 Nd6 41. Nc6+ Kf7 42. Qb3+ Kg6 43. Qc2+ Qf5 44. Ne7+ 1-0


[Site "https://www.chess.com"]

[Event "Titled Tuesday Blitz March 28 Early 2023"]
[White "The_Sherman_Variation"]
[Black "Thecourseoisildur"]
[WhiteElo "2626"]
[BlackElo "2445"]
[Result "0-1"]
[Round "06"]
[TimeControl "180+2"]
[Date "2023.03.28"]
[WhiteClock "0:02:11"]
[BlackClock "0:01:45"]

1. b3 e5 2. Bb2 Nc6 3. c4 Nf6 4. e3 a6 5. Nc3 d5 6. cxd5 Nxd5 7. Bc4 Nb6 8. Nf3 Nxc4 9. bxc4 Bf5 10. Qb3 Nb4 11. Qa4+ b5 12. cxb5 Bc2 13. Qa5 Nd3+ 14. Ke2 Bb4 0-1


[Site "https://www.chess.com"]

[Event "Titled Tuesday Blitz March 28 Early 2023"]
[White "Tica, Sven"]
[Black "Saya, Ethan"]
[WhiteFideId "14526948"]
[BlackFideId "26095181"]
[WhiteElo "2348"]
[BlackElo "2150"]
[Result "1-0"]
[Round "06"]
[TimeControl "180+2"]
[Date "2023.03.28"]
[WhiteClock "0:01:01"]
[BlackClock "0:00:05"]

1. e4 e6 2. b3 d5 3. Bb2 Nf6 4. e5 Nfd7 5. f4 c5 6. Qg4 Nc6 7. Nf3 h5 8. Qg3 b6 9. Be2 Bb7 10. O-O h4 11. Qg4 h3 12. Nc3 hxg2 13. Rf2 a6 14. Re1 b5 15. Nxd5 exd5 16. e6 fxe6 17. Qg6+ Ke7 18. Bxb5 Kd6 19. Rxe6+ Kc7 20. Rxc6+ Bxc6 21. Qxc6+ Kb8 22. Qxd7 Qxd7 23. Bxd7 Bd6 24. Bc6 Ra7 25. Ne5 Kc7 26. Bxd5 Rh5 27. Bxg2 g5 28. f5 g4 29. Nxg4 Kb6 30. f6 Rf7 31. Be4 Rg5 32. h3 c4 33. bxc4 Bc5 34. d4 Bb4 35. c5+ Ka5 36. c3 Bxc5 37. dxc5 Rxc5 38. c4 Rxc4 39. Bd5 Rxg4+ 40. hxg4 Rd7 41. f7 Rxd5 42. f8=Q Rd1+ 43. Kg2 Rg1+ 44. Kxg1 Ka4 45. Rf4+ 1-0


[Site "https://www.chess.com"]

[Event "Titled Tuesday Blitz March 28 Early 2023"]
[White "Olenik Campa, Rudi"]
[Black "Liu, Casper"]
[WhiteFideId "14633264"]
[BlackFideId "1454153"]
[WhiteElo "2249"]
[BlackElo "2221"]
[Result "1-0"]
[Round "06"]
[TimeControl "180+2"]
[Date "2023.03.28"]
[WhiteClock "0:02:33"]
[BlackClock "0:02:31"]

1. e4 c6 2. d4 d5 3. Nc3 dxe4 4. Nxe4 Bf5 5. Ng3 Bg6 6. h4 h6 7. Nf3 Nd7 8. h5 Bh7 9. Bd3 Bxd3 10. Qxd3 Ngf6 11. Bd2 Qb6 12. O-O-O O-O-O 13. Qe2 Kb8 14. Kb1 Ka8 15. Ne5 Nxe5 16. dxe5 Nd5 17. c4 Nc7 18. Ba5 1-0


[Site "https://www.chess.com"]

[Event "Titled Tuesday Blitz March 28 Early 2023"]
[White "Orlov, Georgi"]
[Black "Zheenbekov, Nurgazy"]
[WhiteFideId "2011271"]
[BlackFideId "13800485"]
[WhiteElo "2595"]
[BlackElo "1975"]
[Result "0-1"]
[Round "06"]
[TimeControl "180+2"]
[Date "2023.03.28"]
[WhiteClock "0:00:02"]
[BlackClock "0:00:25"]

1. d4 Nf6 2. Nf3 e6 3. c4 d5 4. g3 Bb4+ 5. Bd2 Bxd2+ 6. Nbxd2 O-O 7. Bg2 b6 8. Ne5 c6 9. Rc1 Nfd7 10. Nd3 Bb7 11. e4 dxe4 12. Nxe4 Nf6 13. Ne5 Nxe4 14. Bxe4 f6 15. Qh5 h6 16. Ng6 Rf7 17. O-O Nd7 18. Rfe1 Qc7 19. d5 exd5 20. cxd5 Nc5 21. dxc6 Nxe4 22. Rxe4 Rc8 23. Qd5 Rd8 24. Ne7+ Kf8 25. Ng6+ Kg8 0-1


[Site "https://www.chess.com"]

[Event "Titled Tuesday Blitz March 28 Early 2023"]
[White "Ozdemir, Serhan Berat"]
[Black "Demin, Vladimir"]
[WhiteFideId "6374611"]
[BlackFideId "4167457"]
[WhiteElo "2015"]
[BlackElo "2593"]
[Result "1-0"]
[Round "06"]
[TimeControl "180+2"]
[Date "2023.03.28"]
[WhiteClock "0:00:21"]
[BlackClock "0:00:04"]

1. e4 e5 2. Nf3 Nc6 3. d4 exd4 4. Bc4 Nf6 5. e5 d5 6. Bb5 Nd7 7. O-O Be7 8. Re1 O-O 9. Bxc6 bxc6 10. Nxd4 Nb8 11. Qf3 c5 12. Nf5 Bxf5 13. Qxf5 Nc6 14. Qg4 Qc8 15. Qg3 Qe6 16. Nc3 Nd4 17. Qd3 c6 18. Be3 Nf5 19. Bf4 c4 20. Qd2 Rad8 21. Rad1 Qg6 22. Qe2 Bb4 23. Bg3 h5 24. Qf3 h4 25. Bf4 d4 26. a3 Ba5 27. Ne4 Bxe1 28. Rxe1 d3 29. c3 Rb8 30. Nd2 Qe6 31. Qe4 Rxb2 32. Nxc4 Rb5 33. Qxd3 Rd5 34. Qf3 Rfd8 35. h3 Rd3 36. Qg4 Qxc4 37. Qxf5 Rd1 38. Rxd1 Rxd1+ 39. Kh2 g6 40. Qc8+ Kh7 41. Qg4 Qf1 42. Qxh4+ Kg8 43. Qf6 Qg1+ 44. Kg3 Qe1 45. Bh6 Rd3+ 46. Kh2 Rxh3+ 47. gxh3 1-0


[Site "https://www.chess.com"]

[Event "Titled Tuesday Blitz March 28 Early 2023"]
[White "Rosen, Eric"]
[Black "Escanor89"]
[WhiteFideId "2032562"]
[WhiteElo "2331"]
[BlackElo "2521"]
[Result "1-0"]
[Round "06"]
[TimeControl "180+2"]
[Date "2023.03.28"]
[WhiteClock "0:00:44"]
[BlackClock "0:00:06"]

1. d4 Nf6 2. Bf4 e6 3. e3 b6 4. Qf3 Nc6 5. Nc3 Bb7 6. O-O-O d6 7. h4 a6 8. h5 h6 9. Qg3 Qd7 10. e4 O-O-O 11. Be2 Kb8 12. f3 d5 13. e5 Ng8 14. Be3 Nge7 15. Bf2 Na5 16. f4 Nc4 17. Nf3 Nf5 18. Qh3 Bb4 19. Nd2 Nxd2 20. Rxd2 Qc6 21. g4 Bxc3 22. Qxc3 Qxc3 23. bxc3 Ne7 24. Bh4 Rd7 25. Rf1 c5 26. f5 Nc6 27. Rf4 Kc7 28. Bd3 Rg8 29. Rdf2 Bc8 30. fxe6 fxe6 31. Bh7 Rh8 32. Bg6 Rg8 33. Bf7 Rxf7 34. Rxf7+ Bd7 35. R2f4 a5 36. Kd2 Kc8 37. Rf8+ Rxf8 38. Rxf8+ Kc7 39. Rf7 cxd4 40. cxd4 Nxd4 41. Bf2 Nc6 42. Bg3 Nd4 43. Rxg7 Nf3+ 44. Ke3 Ng5 45. Rxg5 hxg5 46. h6 d4+ 47. Kxd4 1-0


[Site "https://www.chess.com"]

[Event "Titled Tuesday Blitz March 28 Early 2023"]
[White "drdaro"]
[Black "Crevatin, Leo"]
[BlackFideId "1726307"]
[WhiteElo "2409"]
[BlackElo "2190"]
[Result "0-1"]
[Round "06"]
[TimeControl "180+2"]
[Date "2023.03.28"]
[WhiteClock "0:00:01"]
[BlackClock "0:00:28"]

1. Nc3 d5 2. d4 Nf6 3. Bf4 c5 4. dxc5 Nc6 5. Nf3 Bf5 6. e3 Rc8 7. Nd4 Bg4 8. f3 Bd7 9. Bb5 e6 10. Bxc6 bxc6 11. b4 Nh5 12. Bg3 Nxg3 13. hxg3 Qg5 14. Kf2 e5 15. Nb3 g6 16. a4 Bg7 17. Ne2 O-O 18. c3 Qe7 19. Qg1 e4 20. Ned4 exf3 21. gxf3 Rfe8 22. Re1 h5 23. Qh2 Bh6 24. f4 Bg7 25. Qh4 Bf6 26. Qh2 Qf8 27. Qg2 Re7 28. Qf1 Rce8 29. Qd3 Qg7 30. b5 Rc8 31. b6 axb6 32. cxb6 c5 33. Nb5 c4 34. Qxd5 cxb3 35. b7 Rb8 36. Nd6 Be6 37. Qc5 Qf8 38. Qb6 Qd8 39. Qb4 Rd7 40. Rd1 Be7 41. Qa5 Qxa5 0-1


[Site "https://www.chess.com"]